 Dungeon Crawl Stone Soup version 0.31-a0-112-gdf0485fa37 (webtiles) character file.

Game seed: 16808916595856094638

924 Drazool the Chopper (level 7, 0/59 HPs)
             Began as an Armataur Fighter on May 28, 2023.
             Was an Initiate of Wu Jian.
             Slain by Duvessa
             ... wielding a +2 short sword of venom
              (8 damage)
             ... on level 5 of the Dungeon.
             The game lasted 00:14:16 (4779 turns).

Drazool the Chopper (Armataur Fighter)              Turns: 4779, Time: 00:14:17

Health: 0/59       AC: 12    Str: 23    XL:     7   Next: 84%
Magic:  7/7        EV: 12    Int:  9    God:    Wu Jian [......]
Gold:   151        SH:  4    Dex:  9    Spells: 6/6 levels left

rFire   . . .        a - +1 war axe
rCold   . . .        c - +0 buckler
rNeg    . . .        b - +0 scale mail
rPois   .            (no helmet)
rElec   .            (no cloak)
rCorr   .            r - +0 pair of gloves
SInv    .            (no barding)
Will    .....        q - amulet of the acrobat Stlth
                     E - +5 ring of evasion
HPRegen 0.29/turn    T - +4 ring of protection
MPRegen 0.10/turn

%: acrobat, roll
@: lethally poisoned (0 -> -11)
A: large, rugged brown scales 3, deformed body, armoured tail, roll, long
tongue, awkward tongue
a: Renounce Religion


You were on level 5 of the Dungeon.
You worshipped Wu Jian.
Wu Jian was noncommittal.
You visited 2 branches of the dungeon, and saw 6 of its levels.
You also visited: Sewer.

You collected 151 gold pieces.


Innate Abilities, Weirdness & Mutations

You are completely covered in rugged brown scales. (AC +3, +7% HP)
Armour fits poorly on your strangely shaped body.
You have a long armoured tail.
You roll when moving toward enemies. (Rampage)
Your long tongue fully drains potion bottles. (2x potion effects)
Your tongue gives you trouble enunciating. (1.5x scroll delay)


   Skills:
 - Level 2.6 Fighting
 + Level 6.7 Axes
 + Level 3.8 Throwing
 - Level 3.6 Armour
 - Level 3.2 Shields


You had 6 spell levels left.
You didn't know any spells.
Your spell library contained the following spells:

 Spells                   Type           Power      Damage    Failure   Level
 Tukima's Dance           Hex            0%         N/A       98%         3
 Passage of Golubria      Tloc           0%         N/A       100%        4
 Summon Ice Beast         Ice/Summ       0%         N/A       100%        4
 Summon Mana Viper        Hex/Summ       0%         N/A       100%        5
 Yara's Violent Unravell  Hex/Tmut       0%         3d3       100%        5
 Monstrous Menagerie      Summ           0%         N/A       100%        7

Inventory:

Hand Weapons
 a - a +1 war axe (weapon)
 k - a +0 flail
Missiles
 f - 7 poisoned darts (quivered)
 h - 5 boomerangs
Armour
 b - a +0 scale mail (worn)
 c - a +0 buckler (worn)
 d - a +0 helmet
 r - a +0 pair of gloves (worn)
Jewellery
 q - an amulet of the acrobat (around neck)
 E - a +5 ring of evasion (left hand)
 F - a ring of fire
 T - a +4 ring of protection (right hand)
Scrolls
 e - a scroll of summoning
 i - a scroll of enchant armour
 l - 2 scrolls of identify {@r1}
 u - a scroll of vulnerability
Potions
 g - 2 potions of haste {@q3}
 j - 3 potions of attraction
 m - a potion of cancellation
 n - a potion of resistance {unknown}
 o - 2 potions of curing {unknown}
 p - a potion of magic

Dungeon Overview and Level Annotations

Branches:
Dungeon (5/15)             Temple (1/1) D:5           Sewer (visited)

Altars:
Cheibriados
Hepliaklqana
Kikubaaqudgha
Makhleb
Nemelex Xobeh
Qazlal
Ru
Sif Muna
Trog
Uskayaw
Vehumet
Wu Jian
Xom
Yredelemnul
The Shining One

Shops:
D:3 [

Annotations:
D:5 Duvessa

## ### #... #.. #... #...## #
.... .... #....# ##
....####.########....###.
.....#.........#.....#.#.
...........................
..........................
▒.▒....▒.▒▒.............## # ▒
▒.▒.▒▒.▒.@..#..........###
###.▒[........e.▒.##..........##
.##..(.▒▒.▒.▒.▒.▒.#.....#.....#.
.....▒....▒.▒.▒.................
.....▒...w....................#.
..#....▒)▒.>.▒.▒▒.##..........#.
#..o.▒▒.▒.▒.(.▒....#...##..>...#.
.....(w.....▒)...▒....#####......
<.# o..▒.▒▒.▒.▒▒.▒..#.. #....▒.


You could see Duvessa (berserk, fast).


Message History

You feel very sick.
You slash Duvessa!
Duvessa is moderately wounded.
You barely miss something.
* * * LOW HITPOINT WARNING * * *
You feel very sick. Something hits you but does no damage.
Duvessa barely misses you.
Unknown command.
Duvessa attacks as you move away! You block Duvessa's attack.
* * * LOW HITPOINT WARNING * * *
You feel very sick.
* * * LOW HITPOINT WARNING * * *
You feel very sick.
Duvessa rages.
Unknown command.
* * * LOW HITPOINT WARNING * * *
You feel very sick.
Unknown command.
* * * LOW HITPOINT WARNING * * *
You feel sick.
Unknown command.
It was a potion of cancellation.
Your magical effects are unravelling.
You feel magically purged.
You slurp down every last drop of the potion of cancellation!
You feel yourself slow down.
* * * LOW HITPOINT WARNING * * *
You feel very sick.
Duvessa hits you with a +2 short sword of venom!
You die...

Skill      XL: |  1  2  3  4  5  6  7 |
---------------+----------------------+-----
Axes           | 2 3 4 5 6 |  6.7
Throwing       | 2 3 |  3.8
Fighting       | |  2.6
Armour         | |  3.6
Shields        | |  3.2

Action                     |  1- 3 |  4- 6 |  7- 9 || total
---------------------------+-------+-------+-------++-------
  Melee: War axe           |    94 |   176 |    70 ||   340
         Tailslap          |    10 |    19 |     7 ||    36
  Throw: Dart              |       |    80 |    41 ||   121
    Use: Scroll            |     2 |     3 |     6 ||    11
         Potion            |     1 |     3 |     2 ||     6
 Armour: Scale mail        |    47 |    37 |    29 ||   113
  Dodge: Dodged            |    39 |    72 |    62 ||   173
  Block: Buckler           |    12 |    18 |    18 ||    48

Levels and vault maps discovered:
D:1:      minmay_arrival_four_houses, layout_rooms, minmay_misc_feat_alley,
          hangedman_decor_peaks_small
D:2:      layout_basic, serial_forest, infiniplex_forest_end_3,
          infiniplex_forest_diagonal, infiniplex_forest_end_1,
          infiniplex_forest_clump_tiny, infiniplex_forest_end_1,
          infiniplex_forest_lined_room_, uniq_robin
D:3:      layout_loops_ring, nicolae_overflow_hidden_temple,
          mainiacjoe_overflow_cross_hatched, serial_shops, shop,
          cheibrodos_sewer_entry_drain, shapermc_ecumenical_altar_notcrosses
D:4:      layout_basic, grunt_decor_one_mirror, chequers_garden,
          due_unseen_surprise
D:5:      layout_cave_pools, nicolae_ashenzari_panopticon,
          minmay_temple_entry_ruins, hangedman_decor_opposing,
          roderic_roman_lattice, corexii_item_surrounded_by_moat,
          pf_guarded_unrand_meek, uniq_duvessa
Temple:   nicolae_temple_ecumenical_triangle

Notes
Turn   | Place    | Note
-------+----------+-------------------------------------------
     0 | D:1      | Drazool the Armataur Fighter began the quest for the Orb.
     0 | D:1      | Reached XP level 1. HP: 19/19 MP: 1/1
   102 | D:1      | Reached skill level 2 in Axes
   133 | D:1      | Reached XP level 2. HP: 26/26 MP: 2/2
   336 | D:1      | You fall into a shaft and drop 1 floor!
   574 | D:2      | Reached XP level 3. HP: 32/32 MP: 3/3
   596 | D:2      | Reached skill level 3 in Axes
   909 | D:2      | Noticed Robin
   927 | D:2      | Killed Robin
   928 | D:2      | Reached XP level 4. HP: 20/39 MP: 4/4
  1523 | D:3      | Found Vabeoj's Antique Armour Shoppe.
  1541 | D:3      | Found a glowing drain.
  1613 | Sewer    | Entered a sewer
  1652 | Sewer    | Reached skill level 4 in Axes
  1677 | Sewer    | Noticed a kobold brigand
  1692 | Sewer    | Killed a kobold brigand
  1693 | Sewer    | Reached XP level 5. HP: 44/44 MP: 5/5
  1771 | Sewer    | Reached skill level 5 in Axes
  2009 | Sewer    | Reached XP level 6. HP: 38/53 MP: 6/6
  2510 | D:3      | Reached skill level 1 in Throwing
  2687 | D:3      | Found a snail-covered altar of Cheibriados.
  2724 | D:3      | Found a hide-covered altar of Uskayaw.
  2829 | D:3      | Found a faded altar of an unknown god.
  2854 | D:3      | Identified the +1 leather armour of Poor Excuses {MP-9
                  | Dex+4}
  3419 | D:4      | Reached skill level 6 in Axes
  3419 | D:4      | Reached skill level 2 in Throwing
  3419 | D:4      | Reached XP level 7. HP: 32/59 MP: 7/7
  4259 | D:5      | Entered Level 5 of the Dungeon
  4259 | D:5      | Noticed Duvessa
  4259 | D:5      | Noticed Dowan
  4315 | D:5      | Reached skill level 3 in Throwing
  4666 | D:5      | Found a staircase to the Ecumenical Temple.
  4675 | Temple   | Entered the Ecumenical Temple
  4694 | Temple   | Became a worshipper of the Wu Jian Council
  4762 | D:5      | Killed Dowan
  4779 | D:5      | Slain by Duvessa

Vanquished Creatures
  An ogre (D:4)
  3 kobold brigands (Sewer)
  3 wights (D:5)
  Dowan (D:5)
  4 hounds
  An orc wizard (D:4)
  An iguana (D:4)
  Robin (D:2)
  8 adders
  3 river rats (Sewer)
  2 ufetubi
  7 worms
  A dart slug (D:2)
  6 orcs
  6 ball pythons
  3 bats
  11 endoplasms
  3 giant cockroaches
  13 goblins
  4 hobgoblins
  13 jackals
  9 kobolds
  5 quokkas
  12 rats
121 creatures vanquished.

Table legend: (Time is in decaauts)
 A = Elapsed time spent in this place.
 B = Non-inter-level travel time spent in this place.
 C = Inter-level travel time spent in this place.
 D = Time resting spent in this place.
 E = Time spent auto-exploring this place.
 F = Levels seen in this place.
 G = Mean time per level.
                   A        B        C        D        E       F      G
               +--------+--------+--------+--------+--------+-----+--------+
         Total |   4883 |   4730 |    153 |    481 |   3113 |   7 |  697.6 |
       Dungeon |   3909 |   3774 |    135 |    386 |   2520 |   5 |  781.8 |
        Temple |     70 |     52 |     18 |     18 |     15 |   1 |   70.0 |
         Sewer |    903 |    903 |      0 |     77 |    578 |   1 |  903.0 |
               +--------+--------+--------+--------+--------+-----+--------+

Top non-repeatable levels by time:
     D:2: 1215 daAuts
     D:4: 1013 daAuts
     D:3: 919 daAuts
   Sewer: 903 daAuts
     D:5: 415 daAuts
     D:1: 345 daAuts
  Temple: 70 daAuts

Table legend:
 A = Non-vault XP
 B = Vault XP
 C = Vault XP percentage of total XP
 D = Non-vault monster count
 E = Vault monster count
 F = Vault count percentage of total count
                 A         B        C        D         E       F
            +---------+---------+-------+---------+---------+-------
      Total |     796 |     524 |  39.7 |      78 |      43 |  35.5
            +---------+---------+-------+---------+---------+-------
        D:1 |      19 |       0 |   0.0 |      11 |       0 |   0.0
        D:2 |      65 |      37 |  36.3 |      26 |      12 |  31.6
        D:3 |      84 |       6 |   6.7 |      18 |       2 |  10.0
        D:4 |     323 |       0 |   0.0 |      14 |       0 |   0.0
        D:5 |     302 |      69 |  18.6 |       8 |       1 |  11.1
     Temple |       3 |       0 |   0.0 |       1 |       0 |   0.0
      Sewer |       0 |     412 | 100.0 |       0 |      28 | 100.0
            +---------+---------+-------+---------+---------+-------
